 Dungeon Crawl Stone Soup version 0.28.0-47-ge53b351184 (webtiles) character file.

Game seed: 4846849234814123341

62 Kenran the Scratcher (level 3, -3/16 HPs)
             Began as a Felid Transmuter on May 2, 2022.
             Killed by divine providence
             ... invoked by an orc priest
              (9 damage)
             ... on level 3 of the Dungeon.
             The game lasted 00:09:21 (4152 turns).

Kenran the Scratcher (Felid Transmuter)             Turns: 4152, Time: 00:09:21

Health: -3/16      AC:  1    Str:  6    XL:     3   Next: 85%
Magic:  5/7        EV: 17    Int: 16    God:
Gold:   115        SH:  0    Dex: 16    Spells: 2/6 levels left
                                        Lives:  0   Deaths: 1

rFire   . . .      SeeInvis +     - Unarmed
rCold   . . .      Faith    .   (shield unavailable)
rNeg    . . .      Spirit   .   (armour unavailable)
rPois   .          Reflect  .   (helmet unavailable)
rElec   .          Harm     .   (cloak unavailable)
rCorr   .          Rampage  .   (gloves unavailable)
Will    .....                   (boots unavailable)
Stlth   ++........              (no amulet)
HPRegen 0.05/turn               (no ring)
MPRegen 0.10/turn               (no ring)

@: quick
A: very small, claws 1, fangs 3, see invisible, speed 1, shaggy fur 1, stealthy
paws, no weapons or thrown items, no armour, multi-lived
a: no special abilities


You were on level 3 of the Dungeon.
You visited 1 branch of the dungeon, and saw 3 of its levels.

You collected 115 gold pieces.

Inventory:

Scrolls
 b - 3 scrolls of identify {@r1}
 c - 2 scrolls of teleportation
 e - a scroll of amnesia
 f - a scroll of blinking {unknown}
Potions
 a - a potion of haste
 d - a potion of attraction {unknown}


   Skills:
 - Level 2.0 Fighting
 - Level 3.0 Dodging
 - Level 2.0 Stealth
 - Level 4.0 Unarmed Combat
 - Level 2.0 Spellcasting
 - Level 3.1 Transmutations
 + Level 1.1 Poison Magic


You had 2 spell levels left.
You knew the following spells:

 Your Spells              Type           Power      Damage    Failure   Level
a - Beastly Appendage     Tmut           22%        N/A       6%          1
b - Spider Form           Tmut/Pois      8%         N/A       26%         3

Your spell library contained the following spells:

 Spells                   Type           Power      Damage    Failure   Level
 Wereblood                Tmut           11%        N/A       9%          2
 Passwall                 Tmut/Erth      5%         N/A       17%         2
 Poisonous Vapours        Pois/Air       6%         N/A       26%         2
 Corpse Rot               Necr/Air       2%         N/A       30%         2
 Ensorcelled Hibernation  Hex/Ice        2%         N/A       30%         2
 Swiftness                Air            1%         N/A       52%         3
 Ice Form                 Ice/Tmut       6%         N/A       73%         4
 Dispel Undead            Necr           1%         3d6       90%         4
 Death Channel            Necr           0%         N/A       100%        6


Dungeon Overview and Level Annotations

Branches:
Dungeon (3/15)

Altars:

Annotations:
D:2 exclusion: adder, Sigmund


Innate Abilities, Weirdness & Mutations

You have sharp claws.
You have razor-sharp teeth.
You have supernaturally acute eyesight. (SInv)
You cover ground quickly. (Speed+)
You are covered in fur. (AC +1)
Your paws help you pounce on unaware monsters.
You are incapable of wielding weapons or throwing items.
You cannot wear armour.
You gain extra lives every three experience levels.


Message History

You barely miss the goblin. The goblin closely misses you.
You scratch the goblin. Your headbutt misses the goblin.
The goblin is moderately wounded.
The goblin hits you with a +1 dagger of electrocution.
You closely miss the goblin. You bite the goblin.
You kill the goblin!
You now have 115 gold pieces (gained 15).
Things that are here:
a +1 dagger of electrocution; a goblin corpse Your transformation is almost over.
HP restored.
Your horns disappear.
You see here 22 sling bullets.
An orc priest and 2 orcs come into view.
An orc is wielding a +0 mace of holy wrath.
The orc shouts!
The orc priest shouts!
The orc priest invokes the aid of Beogh against you.
Beogh smites you!
Ouch! That really hurt!
The orc shouts!
Casting: Beastly Appendage (safe; 6% risk of failure)
Confirm with . or Enter, or press ? or * to list all spells.
The spell is potentially lethal to miscast (26% risk of failure)!
Continue anyway?
You turn into a venomous arachnid creature.
You are too injured to fight recklessly!
You are too injured to fight recklessly!
You are too injured to fight recklessly!
You hit the orc.
The orc is poisoned.
The orc is heavily wounded.
The orc misses you.
Your transformation is almost over.
You kill the orc!
Training target 4.0 for Unarmed Combat reached!
Your Unarmed Combat skill increases to level 4!
You need to enable at least one skill for training.
Your transformation has ended.
The orc priest invokes the aid of Beogh against you.
Beogh smites you!
Ouch! That really hurt!
You die...

...รท........o....#
#........#.#####.#
.#########.# #.# ##
#.# #o# # ###.# #.#
#...# #.#
##########. # #<###
#o# #.......... #
#.# #.# #.#########
### #.# #@# #.# ..#
#.# #.# #.# #.# #.#
#.# #.# #.#
#.#######.# #.#
#.## #.........#
#.# ...##
#.######### #.#
....# ##.## #.#
....###...## #.#
...........### #.#


You could see an orc priest and an orc.

Vanquished Creatures
  An orc wizard (D:3)
  Robin (D:2)
  A dart slug (D:3)
  8 orcs (D:3)
  4 ball pythons
  5 bats
  5 endoplasms
  3 giant cockroaches
  14 goblins
  5 hobgoblins
  4 jackals (D:1)
  2 quokkas
  A frilled lizard (D:2)
  2 kobolds
  2 rats
58 creatures vanquished.

Vanquished Creatures (others)
  2 demonic plants (D:2)
2 creatures vanquished.

Grand Total: 60 creatures vanquished

Notes
Turn   | Place    | Note
-------+----------+-------------------------------------------
     0 | D:1      | Kenran the Felid Transmuter began the quest for the Orb.
     0 | D:1      | Reached XP level 1. HP: 9/9 MP: 4/4
    33 | D:1      | Reached skill level 1 in Stealth
   130 | D:1      | Reached XP level 2. HP: 5/12 MP: 4/6
  1229 | D:2      | Noticed Sigmund
  1263 | D:2      | Reached XP level 3. HP: 4/15 MP: 5/7
  1671 | D:2      | Found a faded altar of an unknown god.
  1671 | D:2      | Noticed an orange demon
  1842 | D:3      | Learned a level 3 spell: Spider Form
  1997 | D:3      | Noticed Robin
  2323 | D:2      | Killed Robin
  2883 | D:3      | Reached XP level 4. HP: 8/19 MP: 6/8
  3073 | D:3      | Reached skill level 1 in Poison Magic
  3380 | D:3      | Noticed a black bear
  3784 | D:3      | Constricted to death by a ball python
  3785 | D:3      | Reached XP level 3. HP: 0/16 MP: 7/7
  4142 | D:3      | Reached skill level 4 in Unarmed Combat
  4152 | D:3      | Killed from afar by an orc priest

Illustrated notes

Levels and vault maps discovered:
D:1:      minmay_arrival_wavy_path, layout_loops_cross
D:2:      layout_basic, dreamdust_ecumenical_altar_sealed_demon, uniq_sigmund
D:3:      layout_loops_ring, yredelemnul_altar_generic, uniq_robin

Skill      XL: |  1  2  3  4 |
---------------+-------------+-----
Stealth        | 2 |  2.0
Dodging        | 3 |  3.0
Fighting       | 2 |  2.0
Transmutations | 3 |  3.1
Poison Magic   | 1 |  1.1
Unarmed Combat | 4 |  4.0
Spellcasting   | |  2.0

Action                   |  1- 3 |  4- 6 || total
-------------------------+-------+-------++-------
Melee: Unarmed           |   152 |    15 ||   167
       Bite              |    17 |     1 ||    18
       Punch             |     4 |       ||     4
       Headbutt          |    22 |     4 ||    26
 Cast: Beastly Appendage |    26 |     5 ||    31
       Spider Form       |     1 |       ||     1
  Use: Scroll            |     3 |       ||     3
 Stab: Sleeping          |     5 |       ||     5
Armor: Skin              |    13 |       ||    13
Dodge: Dodged            |   104 |    17 ||   121
